 Dungeon Crawl Stone Soup version 0.24.0-13-gcf9b3192b9 (webtiles) character file.

Game seed: 7646808603247429416, levelgen mode: deterministic

3674 Johnny the Carver (level 9, -2/80 HPs)
             Began as a Troll Berserker on Nov 10, 2019.
             Was an Elder of Trog.
             Slain by a killer bee (9 damage)
             ... on level 8 of the Dungeon.
             The game lasted 00:07:06 (6466 turns).

Johnny the Carver (Troll Berserker)                 Turns: 6466, Time: 00:07:06

Health: -2/80      AC:  7    Str: 30      XL:     9   Next: 89%
Magic:  8/8        EV: 18    Int:  3      God:    Trog [****..]
Gold:   524        SH:  0    Dex: 12 (14) Spells: 8/8 levels left

rFire    + . .     SeeInvis .   a - +0 falchion
rCold    + . .     Gourm    +   (no shield)
rNeg     . . .     Faith    .   b - +1 animal skin
rPois    +         Spirit   .   (helmet restricted)
rElec    +         Reflect  .   (no cloak)
rCorr    +         Harm     .   (gloves unavailable)
MR       ++...                  (boots unavailable)
Stlth    +.........             (no amulet)
HPRegen  1.63/turn              p - ring of attention (curse)
MPRegen  0.11/turn              (no ring)

@: agile, lethally poisoned (-2 -> -3), resistant, berserk cooldown,
regenerating
A: large, unfitting armour, claws 3, fast metabolism 3, gourmand, regeneration
1, shaggy fur 1, tough skin 3
a: Berserk, Trog's Hand, Brothers in Arms, Renounce Religion


You were on level 8 of the Dungeon.
You worshipped Trog.
Trog was greatly pleased with you.
You were full.

You visited 1 branch of the dungeon, and saw 8 of its levels.

You collected 524 gold pieces.

Inventory:

Hand Weapons
 a - a +0 falchion (weapon)
 t - the +5 flail "Ahaeho" {vamp, +Inv rElec rF+, unknown}
   (You found it on level 5 of the Dungeon)

   It inflicts no extra harm, but heals its wielder when it wounds a living foe.
   It protects you from fire.
   It insulates you from electricity.
   It lets you turn invisible.
Armour
 b - a +1 animal skin (worn)
Jewellery
 p - a cursed ring of attention (left claw)
Scrolls
 d - 2 scrolls of amnesia {unknown}
 e - 4 scrolls of identify {unknown}
 g - 6 scrolls of teleportation {unknown}
 h - 5 scrolls of remove curse {unknown}
 i - a scroll of fear {unknown}
 j - 3 scrolls of magic mapping {unknown}
 l - 4 scrolls of immolation {unknown}
 o - a scroll of blinking {unknown}
 v - a scroll of random uselessness {unknown}
Potions
 k - 3 potions of curing
 m - a potion of agility
 q - a potion of magic {unknown}
 r - 3 potions of resistance
 s - 2 potions of ambrosia {unknown}
 u - a potion of flight {unknown}
Comestibles
 c - 20 rations


   Skills:
 - Level 2.4 Fighting
 * Level 10.1 Long Blades
 + Level 7.3 Dodging


You had 8 spell levels left.
You didn't know any spells.
Your spell library contained the following spells:

 Spells                   Type           Power        Failure   Level  Hunger
 Animate Skeleton         Necr           N/A          52%         1    ##.....
 Apportation              Tloc           #.....       52%         1    ##.....
 Confusing Touch          Hex            #.....       52%         1    ##.....
 Magic Dart               Conj           #...         52%         1    ##.....
 Summon Small Mammal      Summ           #...         52%         1    ##.....
 Blink                    Tloc           N/A          67%         2    ###....
 Call Imp                 Summ           #.......     67%         2    ###....
 Slow                     Hex            #.......     67%         2    ###....
 Conjure Flame            Conj/Fire      #.......     88%         3    ####...
 Mephitic Cloud           Conj/Pois/Air  #.......     88%         3    ####...


Dungeon Overview and Level Annotations

Branches:
Dungeon (8/15)             Temple (0/1) D:6
   Lair: D:8-11

Altars:
Cheibriados
Hepliaklqana
Nemelex Xobeh
Okawaru
Sif Muna
Yredelemnul
The Shining One

Shops:
D:6 :


Innate Abilities, Weirdness & Mutations

You are too large for most types of armour.
You have claws for hands.
Your metabolism is lightning-fast.
You like to eat raw meat.
Your natural rate of healing is unusually fast.
You are covered in fur. (AC +1)
You have extremely tough skin. (AC +3)


Message History

* * * LOW HITPOINT WARNING * * *
The quasit bites you but does no damage.
The quasit claws you but does no damage.
The quasit barely misses you.
Unknown command.
You feel better. The killer bee misses you.
You riposte.
You barely miss the killer bee. The killer bee barely misses you.
You riposte.
You miss the killer bee. The killer bee barely misses you.
The killer bee completely misses you. The killer bee stings you.
* * * LOW HITPOINT WARNING * * *
The quasit barely misses you. The quasit claws you.
* * * LOW HITPOINT WARNING * * *
You feel clumsy.
The quasit claws you but does no damage.
The killer bee stings you.
* * * LOW HITPOINT WARNING * * *
You are poisoned.
The killer bee poisons you! The killer bee completely misses you.
The killer bee stings you!
You die...

#...#.....+......+........#
#..<#.....#......#........#
####...#.....#......#........#
.......#.....#.%....#........#
.......#.....#......#........#
########.....##'#####........#
........h............#
.......5yy...........#
.......y@y...........#
.....................#
.............#+###+###
.....#####+### ..... .....
....


You could see a hound, 4 killer bees and a quasit.

Vanquished Creatures
  The ghost of ambioz the Chopper, a novice HOFi of Cheibriados (D:6)
  Prince Ribbit (D:7)
  2 orc warriors
  An ice beast (D:8)
  2 sky beasts
  4 ogres
  3 centaurs
  A crocodile (D:7)
  A big kobold (D:7)
  4 bullfrogs
  4 scorpions
  3 wights (D:6)
  A vampire bat (D:3)
  3 howler monkeys
  4 crimson imps
  A quasit (D:7)
  2 orc priests
  7 hounds
  3 bullfrog skeletons
  7 orc wizards
  2 iguanas
  6 worker ants
  A hound zombie (D:5)
  4 gnolls (D:5)
  12 adders
  2 shadow imps
  An ooze (D:4)
  An adder skeleton (D:4)
  2 worms (D:2)
  A dart slug (D:1)
  3 fire bats (D:3)
  2 leopard geckos
  15 orcs
  2 spectral bats (D:3)
  3 bat skeletons (D:3)
  A bat zombie (D:3)
  8 giant cockroaches
  9 goblins
  7 hobgoblins
  11 jackals
  7 kobolds
  5 quokkas
  3 ball pythons
  13 bats
  A bat simulacrum (D:3)
  4 frilled lizards
  A leopard gecko skeleton (D:6)
  8 rats
190 creatures vanquished.

Notes
Turn   | Place    | Note
-------+----------+-------------------------------------------
     0 | D:1      | Johnny the Troll Berserker began the quest for the Orb.
     0 | D:1      | Reached XP level 1. HP: 22/22 MP: 0/0
    73 | D:1      | Reached XP level 2. HP: 28/29 MP: 1/1
   401 | D:1      | Reached skill level 3 in Long Blades
   629 | D:2      | Reached ** piety under Trog
   667 | D:2      | Reached XP level 3. HP: 29/36 MP: 2/2
  1155 | D:2      | Reached XP level 4. HP: 38/44 MP: 3/3
  1452 | D:3      | Reached skill level 4 in Long Blades
  1455 | D:3      | Reached XP level 5. HP: 50/50 MP: 4/4
  1522 | D:3      | Reached *** piety under Trog
  2093 | D:4      | Reached XP level 6. HP: 59/59 MP: 5/5
  2104 | D:4      | Lost intelligence.
  2114 | D:4      | Reached skill level 5 in Long Blades
  2280 | D:4      | Reached XP level 7. HP: 15/66 MP: 6/6
  2478 | D:4      | Reached skill level 6 in Long Blades
  2745 | D:4      | Found a sparkling altar of Nemelex Xobeh.
  3236 | D:5      | Entered Level 5 of the Dungeon
  3457 | D:5      | Reached skill level 5 in Dodging
  3555 | D:5      | Reached XP level 8. HP: 71/74 MP: 7/7
  3560 | D:5      | Reached **** piety under Trog
  3572 | D:5      | Found a glowing golden altar of the Shining One.
  3602 | D:5      | Found a basalt altar of Yredelemnul.
  3640 | D:5      | Reached skill level 7 in Long Blades
  3687 | D:5      | Found a snail-covered altar of Cheibriados.
  3687 | D:5      | Found a shimmering blue altar of Sif Muna.
  3766 | D:5      | Got a scorched flail
  3845 | D:5      | Noticed an angel
  4322 | D:6      | Found a staircase to the Ecumenical Temple.
  4455 | D:6      | Reached skill level 8 in Long Blades
  4613 | D:6      | Found Kyppiyc's Book Boutique.
  4722 | D:6      | Found a large runed translucent door.
  4722 | D:6      | Found a large runed translucent door.
  4723 | D:6      | Noticed ambioz's ghost (novice HOFi)
  4979 | D:6      | Killed ambioz's ghost
  4979 | D:6      | Reached XP level 9. HP: 80/80 MP: 8/8
  5216 | D:7      | Reached skill level 9 in Long Blades
  5308 | D:7      | Received a gift from Trog
  5553 | D:7      | Found an iron altar of Okawaru.
  5605 | D:7      | Noticed Prince Ribbit
  5625 | D:7      | Killed Prince Ribbit
  6036 | D:7      | Found a hazy altar of Hepliaklqana.
  6238 | D:8      | Reached skill level 10 in Long Blades
  6465 | D:8      | HP: 4/80 [killer bee (5)]
  6466 | D:8      | Slain by a killer bee

Levels and vault maps discovered:
D:1:      dpeg_arrival_court, layout_basic, minmay_misc_feat_rows
D:2:      layout_basic, first_ration
D:3:      layout_loops_cross, goddamned_bats
D:4:      minmay_inner_zag, layout_basic, nemelex_altar_shiori, st_stairs_11,
          nrook_loot_triangle
D:5:      layout_rooms, grunt_temple_overflow_holy_war,
          gammafunk_temple_overflow_elements
D:6:      layout_loops_corners, minmay_temple_entry_proselytizer,
          ebering_ghost_disaster_area, serial_shops, shop
D:7:      layout_loops_ring, okawaru_gym_becter, lemuel_doored_altar,
          uniq_prince_ribbit1
D:8:      layout_gridville

Skill      XL: |  1  2  3  4  5  6  7  8  9 |
---------------+----------------------------+-----
Long Blades    | 3 4 5 6 8 10 | 10.1
Dodging        | 3 4 5 6 7 |  7.3
Fighting       | |  2.4

Action                   |  1- 3 |  4- 6 |  7- 9 || total
-------------------------+-------+-------+-------++-------
Melee: Falchion          |   127 |   199 |   564 ||   890
Invok: Berserk           |       |     2 |    13 ||    15
       Trog's Hand       |       |     4 |     3 ||     7
  Use: Potion            |       |     4 |     6 ||    10
       Scroll            |       |       |     1 ||     1
  Eat: Chunk             |    16 |    14 |    46 ||    76
       Ration            |       |       |     1 ||     1
Armor: Animal skin       |    49 |   173 |   186 ||   408
Dodge: Dodged            |    75 |   250 |   329 ||   654
       Rpst.: Falchion   |    15 |    71 |    99 ||   185
